 Dungeon Crawl Stone Soup version 0.31.0-32-g396128a36d (webtiles) character file.

Game seed: 11340465008554171899

4522 firemarshallily the Fighter (level 10, -1/96 HPs)
             Began as a Minotaur Alchemist on Mar 12, 2024.
             Was a Follower of the Shining One.
             Succumbed to a water moccasin's poison
             ... on level 7 of the Dungeon on Mar 13, 2024.
             The game lasted 00:21:11 (7604 turns).

firemarshallily the Fighter (Minotaur Alchemist)    Turns: 7604, Time: 00:21:11

Health: -1/96      AC: 10    Str: 17    XL:     10   Next: 17%
Magic:  11/11      EV: 13    Int: 12    God:    the Shining One [*.....]
Gold:   305        SH:  5    Dex: 11    Spells: 8/11 levels left

rFire   + . .        a - +1 morningstar (heavy)
rCold   + . .        (no shield)
rNeg    . . .        s - +1 ring mail {Will+}
rPois   +            (helmet restricted)
rElec   +            z - +0 cloak
rCorr   +            j - +0 pair of gloves
SInv    .            (no boots)
Will    +....        t - amulet of reflection
Stlth   +            (no ring)
HPRegen 0.36/turn    (no ring)
MPRegen 0.12/turn

%: reflection
@: lethally poisoned (-1 -> -22), resistant, glowing
A: horns 2, retaliatory headbutt
a: Renounce Religion, Divine Shield


You were on level 7 of the Dungeon.
You worshipped the Shining One.
The Shining One was aware of your devotion.
You visited 2 branches of the dungeon, and saw 9 of its levels.

You collected 473 gold pieces.
You spent 168 gold pieces at shops.

Inventory:

Hand Weapons
 a - a +1 heavy morningstar (weapon)
 o - a +2 mace of protection
Missiles
 d - 5 curare-tipped darts
 k - a poisoned dart (quivered)
Armour
 j - a +0 pair of gloves (worn)
 s - a +1 ring mail of willpower (worn)
 u - a +0 kite shield
 z - a +0 cloak (worn)
Jewellery
 t - an amulet of reflection (around neck)
Wands
 w - a wand of paralysis (8)
 x - a wand of iceblast (7)
Scrolls
 c - 2 scrolls of noise {unknown}
 f - 5 scrolls of poison
 g - 4 scrolls of identify {unknown}
 i - 3 scrolls of vulnerability {unknown}
 l - 3 scrolls of teleportation {unknown}
 m - 3 scrolls of torment
 n - a scroll of enchant weapon {unknown}
 p - a scroll of enchant armour {unknown}
 q - 2 scrolls of amnesia {unknown}
 r - a scroll of silence {unknown}
 v - a scroll of revelation {unknown}
 y - a scroll of acquirement {unknown}
Potions
 b - 2 potions of magic
 h - a potion of brilliance


   Skills:
 * Level 11.2 Fighting
 + Level 7.8 Maces & Flails
 + Level 7.9 Armour
 - Level 7.4 Dodging
 - Level 1.5 Stealth
 + Level 1.3 Shields
 - Level 1.3 Spellcasting
 - Level 0.6 Conjurations
 - Level 2.1 Alchemy


You had 8 spell levels left.
You knew the following spells:

 Your Spells              Type           Power      Damage    Failure   Level
a - Sting                 Conj/Alch      16%        1d4       28%         1
b - Mercury Vapours       Alch/Air       6%         N/A       43%         2

Your spell library contained the following spells:

 Spells                   Type           Power      Damage    Failure   Level
 Momentum Strike          Conj/Tloc      2%         3d8       54%         2
 Blink                    Tloc           0%         N/A       58%         2
 Lesser Beckoning         Tloc           0%         N/A       58%         2
 Mephitic Cloud           Conj/Alch/Air  3%         N/A       69%         3
 Hailstorm                Conj/Ice       1%         3d5       78%         3
 Summon Ice Beast         Ice/Summ       0%         N/A       82%         3
 Tukima's Dance           Hex            0%         N/A       82%         3
 Olgreb's Toxic Radiance  Alch           6%         N/A       89%         4
 Sticky Flame             Fire/Alch      3%         2d4       97%         4
 Dimensional Bullseye     Hex/Tloc       0%         N/A       99%         4
 Iskenderun's Mystic Bla  Conj/Tloc      1%         2d3       99%         4
 Sculpt Simulacrum        Ice/Alch       1%         N/A       100%        6


Dungeon Overview and Level Annotations

Branches:
Dungeon (8/15)             Temple (1/1) D:4
   Lair: D:8-11

Altars:
Ashenzari
Cheibriados
Dithmenos
Fedhas
Gozag
Hepliaklqana
Kikubaaqudgha
Makhleb
Nemelex Xobeh
Okawaru
Qazlal
Uskayaw
Vehumet
Wu Jian
Zin
The Shining One

Shops:
D:5 *   D:7 =

Annotations:
D:3 Sigmund


Innate Abilities, Weirdness & Mutations

You have a pair of horns on your head.
You reflexively headbutt those who attack you in melee.


Message History

You furiously retaliate!
You headbutt the orc!
You kill the orc!
The water moccasin bites you but does no damage.
Unknown command.
You barely miss the water moccasin. You headbutt the water moccasin.
The water moccasin is moderately wounded.
You feel sick. The water moccasin bites you!
You are more poisoned.
The water moccasin poisons you! The water moccasin misses you.
You block the water moccasin's attack.
You thump the water moccasin!
The water moccasin is severely wounded.
You feel very sick. The water moccasin bites you.
* * * LOW HITPOINT WARNING * * *
You are lethally poisoned!
The water moccasin poisons you! The water moccasin bites you!
* * * LOW HITPOINT WARNING * * *
You are more poisoned.
The water moccasin poisons you!
It was a potion of resistance.
You feel protected.
* * * LOW HITPOINT WARNING * * *
You feel extremely sick.
The water moccasin bites you but does no damage.
Unknown command.
You barely miss the water moccasin. You headbutt the water moccasin.
The water moccasin is severely wounded.
The Shining One protects you from harm! The water moccasin closely misses you.
You furiously retaliate!
You headbutt the water moccasin!
You kill the water moccasin!
Okay, then.
Okay, then.
As you read the scroll labelled CERECW LAAZIRO, it crumbles to dust.
Your body is wracked with pain!
* * * LOW HITPOINT WARNING * * *
The Shining One forgives your inadvertent evil act, just this once.
It was a scroll of torment.
You die...

##.............#.....#.)...
###..................##)..#
##..............##...†...#.#
##.................#......###
#......#.....#.....##.#.### #
#...##.##....#........#.# ##
#####........#........#.# ##.
#.......[#..........###..
##.....)@[.....≈≈≈≈≈≈≈≈..
####..).[.....≈.......≈≈
##.........≈.######..
##.#......≈.#.....##
###......≈.#.≈≈≈≈..
###....≈.#.≈...≈≈
##..#≈.#.≈.##._
##.#≈.#.≈.#... #.#.#.≈.#...≈


There were no monsters in sight!

Vanquished Creatures
  Pikel (D:5)
  Maurice (D:7)
  Grinder (D:5)
  A steam dragon (D:5)
  7 water moccasins
  An orc warrior (D:7)
  An ice beast (D:7)
  A sky beast (D:6)
  3 ogres
  A centaur (D:4)
  2 phantoms
  2 bullfrogs (D:6)
  6 scorpions
  3 wights (D:7)
  5 howler monkeys
  2 electric eels (D:7)
  5 bombardier beetles
  3 jellies
  An orc priest (D:6)
  A gnoll bouda (D:6)
  5 hounds
  3 sleepcaps
  2 iguanas (D:5)
  6 orc wizards
  10 adders
  5 gnolls (D:6)
  2 shadow imps
  2 ufetubi (D:7)
  A ribbon worm (D:4)
  5 dart slugs
  24 orcs
  6 ball pythons
  7 bats
  11 endoplasms
  A giant cockroach (D:1)
  7 goblins
  3 hobgoblins
  14 jackals
  7 kobolds
  8 quokkas
  4 frilled lizards
  8 rats
189 creatures vanquished.

Vanquished Creatures (others)
  2 orcs (D:7)
2 creatures vanquished.

Grand Total: 191 creatures vanquished

Notes
Turn   | Place    | Note
-------+----------+-------------------------------------------
     0 | D:1      | firemarshallily the Minotaur Alchemist began the quest for
                  | the Orb.
     0 | D:1      | Reached XP level 1. HP: 14/14 MP: 1/1
    62 | D:1      | Reached skill level 1 in Fighting
   266 | D:1      | Reached XP level 2. HP: 23/23 MP: 0/3
   309 | D:1      | Learned a level 2 spell: Mercury Vapours
   358 | D:1      | Reached skill level 1 in Armour
   460 | D:1      | Reached skill level 2 in Fighting
   760 | D:1      | Reached XP level 3. HP: 29/29 MP: 2/4
  1139 | D:2      | Found a faded altar of an unknown god.
  1205 | D:2      | Reached skill level 1 in Maces & Flails
  2032 | D:3      | Noticed Sigmund
  2047 | D:3      | Reached XP level 4. HP: 37/37 MP: 2/5
  2129 | D:3      | Reached skill level 3 in Fighting
  2218 | D:3      | Found a hide-covered altar of Uskayaw.
  2445 | D:3      | Found a broken altar of Ashenzari.
  2920 | D:4      | Reached XP level 5. HP: 32/45 MP: 3/6
  2945 | D:4      | HP: 2/46 [burnt (4)]
  3120 | D:4      | Reached skill level 4 in Fighting
  3215 | D:4      | Found an ancient bone altar of Kikubaaqudgha.
  3275 | D:4      | Noticed a phantom
  3290 | D:4      | Killed a phantom
  3291 | D:4      | Reached XP level 6. HP: 52/53 MP: 3/7
  3416 | D:4      | Found a stormy altar of Qazlal.
  3442 | D:4      | Found a staircase to the Ecumenical Temple.
  3519 | D:4      | Found a snail-covered altar of Cheibriados.
  3527 | D:4      | Reached skill level 5 in Fighting
  3755 | D:4      | Reached XP level 7. HP: 16/61 MP: 8/8
  4030 | D:4      | Reached skill level 6 in Fighting
  4244 | D:5      | Entered Level 5 of the Dungeon
  4244 | D:5      | Noticed Grinder
  4244 | D:5      | Noticed a steam dragon
  4258 | Temple   | Entered the Ecumenical Temple
  4269 | Temple   | Became a worshipper of the Shining One
  4359 | D:5      | Killed Grinder
  4381 | D:5      | Reached skill level 5 in Dodging
  4381 | D:5      | Reached XP level 8. HP: 70/71 MP: 7/9
  4384 | D:5      | Reached skill level 7 in Fighting
  4567 | D:5      | Found Qeraol's Serpentskin Sales.
  4573 | D:5      | Reached skill level 5 in Armour
  4579 | D:5      | Reached skill level 5 in Maces & Flails
  4813 | D:5      | Bought 5 curare-tipped darts for 90 gold pieces
  4813 | D:5      | Bought 2 poisoned darts for 18 gold pieces
  4813 | D:5      | Bought a scroll of poison for 60 gold pieces
  4844 | D:5      | Reached skill level 8 in Fighting
  5446 | D:5      | Noticed Pikel
  5460 | D:5      | Killed Pikel
  5461 | D:5      | Reached skill level 9 in Fighting
  5461 | D:5      | Reached XP level 9. HP: 58/83 MP: 10/10
  5949 | D:6      | Found a radiant altar of Vehumet.
  6043 | D:6      | Found a blossoming altar of Fedhas.
  6217 | D:7      | Reached * piety under the Shining One
  6231 | D:7      | Reached skill level 10 in Fighting
  6693 | D:7      | Found a glowing silver altar of Zin.
  6700 | D:7      | Found an ornate altar of the Wu Jian Council.
  7058 | D:7      | Found Geurchiz's Jewellery Shop.
  7181 | D:7      | Noticed Maurice
  7207 | D:7      | Killed Maurice
  7208 | D:7      | Reached XP level 10. HP: 47/94 MP: 3/11
  7211 | D:7      | Found a burning altar of Makhleb.
  7547 | D:8      | Reached skill level 11 in Fighting
  7599 | D:7      | Reached skill level 1 in Shields
  7603 | D:7      | The Shining One protects you from harm!
  7604 | D:7      | HP: 4/96 [/a scroll of torment (2)]
  7604 | D:7      | Succumbed to a water moccasin's poison

Illustrated notes

Levels and vault maps discovered:
D:1:      roderic_crossed_star, layout_basic, minmay_cut_off
D:2:      layout_loops_cross, hellmonk_ecumenical_altar_inner_sanctum,
          minmay_hexomino_p4
D:3:      layout_loops_cross, mainiacjoe_overflow_brackets,
          nicolae_overflow_crystal_walls, uniq_sigmund
D:4:      minmay_octagon_keep, layout_cave_pools, chei_slow_surprise,
          kennysheep_little_box, mainiacjoe_overflow_catwalk,
          minmay_temple_entry_overgrown
D:5:      layout_rooms, guppyfry_shop_venom, uniq_pikel, uniq_grinder
D:6:      layout_rooms, fedhas_ov_isle_minmay, kennysheep_mini_moat,
          water_boxes_lemuel
D:7:      layout_cave_pools, bloody_makhleb, nicolae_overflow_squiral,
          minmay_shop_enchanted_jewellery, uniq_maurice
D:8:      layout_cave_pools, yredelemnul_forgotten_temple_becter, serial_shops,
          nicolae_shop_behind_doors, grunt_ministairs_2
Temple:   nicolae_temple_two_arcs

Skill      XL: |  1  2  3  4  5  6  7  8  9 10 |
---------------+-------------------------------+-----
Fighting       | 1 2 3 4 5 6 9 10 11 | 11.2
Armour         | 1 2 3 4 6 7 |  7.9
Maces & Flails | 1 2 3 4 6 7 |  7.8
Dodging        | 3 4 5 6 7 |  7.4
Shields        | 1 |  1.3
Stealth        | |  1.5
Spellcasting   | |  1.3
Conjurations   | |  0.6
Alchemy        | |  2.1

Action                     |  1- 3 |  4- 6 |  7- 9 | 10-12 || total
---------------------------+-------+-------+-------+-------++-------
  Melee: Club              |    71 |     6 |       |       ||    77
         Unarmed           |     4 |       |       |       ||     4
         Headbutt          |    18 |    12 |    34 |     3 ||    67
         Punch             |     1 |     1 |     5 |       ||     7
         Mace              |       |    80 |    33 |       ||   113
         Morningstar       |       |       |   161 |    19 ||   180
  Throw: Dart              |       |    10 |    58 |     7 ||    75
   Cast: Sting             |    47 |    19 |     3 |       ||    69
    Use: Potion            |       |     5 |     4 |     1 ||    10
         Scroll            |       |       |       |     1 ||     1
   Stab: Sleeping          |     3 |       |       |       ||     3
 Armour: Robe              |    31 |    51 |       |       ||    82
         Ring mail         |       |    35 |   188 |    29 ||   252
  Dodge: Dodged            |    51 |    75 |   171 |    30 ||   327
  Block: Other             |       |       |    26 |    13 ||    39
         Reflection        |       |       |     1 |       ||     1
